 Dungeon Crawl Stone Soup version 0.22.1-1-ga44c0e56f4 (webtiles) character file.

172 OdinFK the Skirmisher (level 5, -3/42 HPs)
             Began as a Demonspawn Abyssal Knight on Oct 20, 2018.
             Was a Believer of Lugonu.
             Slain by Crazy Yiuf
             ... wielding a +4 quarterstaff of chaos
              (14 damage)
             ... on level 3 of the Dungeon.
             The game lasted 00:08:22 (3771 turns).

OdinFK the Skirmisher (Demonspawn Abyssal Knight)   Turns: 3771, Time: 00:08:23

Health: -3/42      AC:  6    Str: 14    XL:     5   Next: 27%
Magic:  6/6        EV:  9    Int: 13    God:    Lugonu [**....]
Gold:   143        SH:  3    Dex: 12    Spells: 4/4 levels left

rFire    . . .     SeeInvis .   a - +1 hand axe
rCold    . . .     Gourm    .   o - +0 buckler
rNeg     . . .     Faith    .   i - +0 ring mail
rPois    .         Spirit   .   (helmet restricted)
rElec    .         Reflect  .   (no cloak)
rCorr    .         Harm     .   q - +0 pair of gloves
MR       .....                  (no boots)
Stlth    ..........             (no amulet)
HPRegen  0.14/turn              b - ring of attention (curse)
MPRegen  0.10/turn              (no ring)

@: starving, drained
A: antennae 1, hooves 1, demonic guardian 1
a: Depart the Abyss, Bend Space, Renounce Religion


You were on level 3 of the Dungeon.
You worshipped Lugonu.
Lugonu was pleased with you.
You were starving.

You visited 1 branch of the dungeon, and saw 3 of its levels.
You visited the Abyss 1 time.

You collected 143 gold pieces.

Inventory:

Hand Weapons
 a - a +1 hand axe (weapon)
Armour
 i - a +0 ring mail (worn)
 o - a +0 buckler (worn)
 q - a +0 pair of gloves (worn)
Jewellery
 b - a cursed ring of attention (left hand)
Scrolls
 e - a scroll of amnesia
 m - 3 scrolls of enchant armour {unknown}
 p - a scroll of random uselessness {unknown}
 r - a scroll of fear {unknown}
Potions
 d - 2 potions of mutation
 f - a potion of agility {unknown}
 g - a potion of invisibility
 h - a potion of heal wounds
 j - 2 potions of flight {unknown}
 k - 2 potions of curing
 l - a potion of lignification {unknown}
 n - 3 potions of berserk rage {unknown}
Comestibles
 c - 13 rations


   Skills:
 + Level 4.1(3.8) Fighting
 + Level 3.7(3.4) Axes
 + Level 2.5(2.2) Armour
 - Level 0.8(0.5) Dodging
 + Level 0.1(0.0) Shields
 - Level 2.4(2.1) Invocations


You had 4 spell levels left.
You didn't know any spells.
Your spell library was empty.

Dungeon Overview and Level Annotations

Branches:
Dungeon (3/15)

Altars:

Annotations:
D:3 Crazy Yiuf


Innate Abilities, Weirdness & Mutations

You have a pair of small antennae on your head.
You have large cloven feet.
A weak demonic guardian rushes to your aid.


Message History

You are starving!
Crazy Yiuf hits you with a quarterstaff of chaos.
Crazy Yiuf burns you.
You closely miss Crazy Yiuf.
Crazy Yiuf is severely wounded.
You block Crazy Yiuf's attack.
You hit Crazy Yiuf but do no damage. Your kick misses Crazy Yiuf.
Crazy Yiuf is severely wounded.
Crazy Yiuf whimpers, "Adder water Hive!"
Crazy Yiuf hits you but does no damage.
You hit Crazy Yiuf but do no damage. You kick Crazy Yiuf.
Crazy Yiuf is severely wounded.
Crazy Yiuf says, "You tea sow!"
Crazy Yiuf hits you with a quarterstaff of chaos!
You feel drained.
* * * LOW HITPOINT WARNING * * *
You hit Crazy Yiuf but do no damage.
Crazy Yiuf is severely wounded.
Crazy Yiuf hits you with a quarterstaff of chaos!
You die...

#...............#.#
#....#
#####.###)....###.#
♣....♣ #.#
#.........# ♣...♣♣
#### #.# #.....#####
♣♣.♣♣ #... #.#
#.........# ♣.♣♣ ####
#.# #.....##### ♣♣.♣
#.# #.....# ♣.♣♣ #.#
#.....#### ♣♣g♣ #.#
#.....g@.# #'# ####
#.# ##.#####.# ...
#... #.# #># #.#
#...# #### #.####.#
#.# #..)# # #....#.#
#.## ##### # ####.#.#
#..# #
#.#.#################
#
#.#..............##.#
#
#.#################.#
#


You could see Crazy Yiuf.

Vanquished Creatures
  Jessica (D:2)
  Robin (D:3)
  3 adders
  An ooze (D:3)
  A worm (D:2)
  6 dart slugs
  A leopard gecko (D:1)
  6 bats
  3 giant cockroaches
  14 goblins
  12 hobgoblins
  11 jackals
  A quokka (D:3)
  4 frilled lizards
  9 kobolds
  6 rats
80 creatures vanquished.

Notes
Turn   | Place    | Note
-------+----------+-------------------------------------------
     0 | Abyss:1  | OdinFK the Demonspawn Abyssal Knight began the quest for
                  | the Orb.
     0 | Abyss:1  | Reached XP level 1. HP: 18/18 MP: 2/2
   133 | D:1      | Escaped the Abyss
   469 | D:1      | Gained mutation: You have large cloven feet. [demonic
                  | ancestry]
   469 | D:1      | Reached XP level 2. HP: 24/24 MP: 3/3
   668 | D:1      | Reached ** piety under Lugonu
   824 | D:1      | Reached XP level 3. HP: 20/30 MP: 4/4
  1416 | D:2      | Reached skill level 4 in Fighting
  1416 | D:2      | Gained mutation: You have a pair of small antennae on your
                  | head. [demonic ancestry]
  1416 | D:2      | Reached XP level 4. HP: 24/37 MP: 5/5
  1525 | D:2      | Noticed Jessica
  1553 | D:2      | Killed Jessica
  2496 | D:3      | Found a runed door.
  2585 | D:3      | Gained mutation: A weak demonic guardian rushes to your
                  | aid. [demonic ancestry]
  2585 | D:3      | Reached XP level 5. HP: 38/42 MP: 6/6
  2810 | D:3      | Noticed Robin
  2824 | D:3      | Killed Robin
  2834 | D:3      | Reached *** piety under Lugonu
  3732 | D:3      | Noticed Crazy Yiuf
  3771 | D:3      | Slain by Crazy Yiuf

Skill      XL: |  1  2  3  4 |
---------------+-------------+-----
Axes           | 2 3 |  3.7
Armour         | 2 |  2.5
Fighting       | 4 |  4.1
Dodging        | |  0.8
Shields        | |  0.1
Invocations    | |  2.4

Action                   |  1- 3 |  4- 6 || total
-------------------------+-------+-------++-------
Melee: Hand axe          |    92 |   109 ||   201
       Kick              |    12 |    25 ||    37
  Use: Scroll            |       |     5 ||     5
  Eat: Chunk             |     1 |     6 ||     7
Armor: Leather armour    |    33 |    10 ||    43
       Ring mail         |       |    22 ||    22
Dodge: Dodged            |    58 |    52 ||   110
Block: Buckler           |       |     6 ||     6
